 Dungeon Crawl Stone Soup version 0.27-a0-811-ga052575696 (webtiles) character file.

Game seed: 9292446255071468610

43 Chiseanne the Magician (level 3, -2/24 HPs)
             Began as a Demonspawn Hedge Wizard on Mar 29, 2021.
             Slain by a gnoll
             ... wielding a +0 spear
              (4 damage)
             ... on level 3 of the Dungeon.
             The game lasted 00:06:51 (1814 turns).

Chiseanne the Magician (Demonspawn Hedge Wizard)    Turns: 1814, Time: 00:06:52

Health: -2/24      AC:  7    Str: 10    XL:     3   Next: 37%
Magic:  7/8        EV: 12    Int: 16    God:
Gold:   95         SH:  0    Dex: 12    Spells: 3/9 levels left

rFire    . . .     SeeInvis +   a - +1 hand axe (flame)
rCold    . . .     Faith    .   (no shield)
rNeg     . . .     Spirit   .   b - +1 robe
rPois    .         Reflect  .   f - +2 hat
rElec    .         Harm     .   (no cloak)
rCorr    .         Rampage  .   (no gloves)
Will     .....                  (no boots)
Stlth    ++........             (no amulet)
HPRegen  0.08/turn              h - ring of see invisible
MPRegen  0.11/turn              (no ring)

@: no status effects
A: thin metallic scales 1
a: no special abilities


You were on level 3 of the Dungeon.
You visited 1 branch of the dungeon, and saw 3 of its levels.

You collected 95 gold pieces.

Inventory:

Hand Weapons
 a - a +1 hand axe of flaming (weapon)
 i - a +0 dagger
Missiles
 d - 13 arrows
 e - 50 stones
 g - 11 bolts
 k - 2 javelins
Armour
 b - a +1 robe (worn)
 f - a +2 hat (worn)
Jewellery
 h - a ring of see invisible (left hand)
 l - a ring of willpower
Scrolls
 c - a scroll of identify {unknown}
Potions
 m - a potion of curing {unknown}


   Skills:
 - Level 1.7 Dodging
 - Level 1.7 Stealth
 * Level 3.5 Spellcasting
 * Level 2.1 Conjurations
 - Level 1.0 Summonings
 - Level 1.3 Translocations
 * Level 0.2 Air Magic
 * Level 0.2 Poison Magic


You had 3 spell levels left.
You knew the following spells:

 Your Spells              Type           Power      Damage    Failure   Level
a - Magic Dart            Conj           36%        1d4       8%          1
b - Blink                 Tloc           N/A        N/A       16%         2
c - Mephitic Cloud        Conj/Pois/Air  5%         N/A       36%         3

Your spell library contained the following spells:

 Spells                   Type           Power      Damage    Failure   Level
 Call Imp                 Summ           6%         N/A       19%         2
 Slow                     Hex            2%         N/A       26%         2
 Gell's Gravitas          Tloc           3%         N/A       30%         3
 Conjure Flame            Conj/Fire      6%         6-21      34%         3
 Confusing Touch          Hex            2%         N/A       47%         3
 Petrify                  Tmut/Erth      2%         N/A       87%         4
 Metabolic Englaciation   Hex/Ice        1%         N/A       99%         5
 Yara's Violent Unravell  Hex/Tmut       1%         3d3       99%         5


Dungeon Overview and Level Annotations

Branches:
Dungeon (3/15)

Altars:
Sif Muna

Annotations:
D:3 exclusion: gnoll


Innate Abilities, Weirdness & Mutations

You are partially covered in thin metallic scales. (AC +2)


Message History

Aim: a gnoll, wielding a +0 whip and wearing a +0 scale mail (chance to affect: 91%) That beam is likely to hit you.
Continue anyway?
You miscast Mephitic Cloud.
You are very lightly contaminated with residual magic.
Nothing appears to happen.
The gnoll barely misses you.
Casting: Mephitic Cloud (extremely dangerous; 36% risk of failure)
Confirm with . or Enter, or press ? or * to list all spells.
The spell is extremely dangerous to cast (36% risk of failure)!
Continue anyway?
Aiming: Mephitic Cloud (extremely dangerous; 36% risk of failure)
Press: ? - help, Shift-Dir - straight line, f/p - gnoll
Aim: a gnoll, wielding a +0 whip and wearing a +0 scale mail (chance to affect: 91%) That beam is likely to hit you.
Continue anyway?
You miscast Mephitic Cloud.
Sparks fly from your hands. The gnoll hits you with a +0 whip.
Casting: Mephitic Cloud (extremely dangerous; 36% risk of failure)
Confirm with . or Enter, or press ? or * to list all spells.
You don't have enough magic to cast this spell.
Unknown command.
Unknown command.
It was a potion of haste.
You feel yourself speed up. The gnoll hits you with a +0 whip!
There is an open door here.
Which direction?
There isn't anything that you can close there!
Unknown command.
There is a stone staircase leading up here.
Your magical contamination has completely faded away.
Your extra speed is starting to run out.
You feel yourself slow down.
A gnoll comes into view. It is wielding a +0 spear.
A gnoll comes into view. It is wielding a +0 halberd.
The gnoll hits you with a +0 spear.
You hit the gnoll. You burn the gnoll.
The gnoll is moderately wounded.
The gnoll hits you with a +0 spear.
* * * LOW HITPOINT WARNING * * *
The gnoll hits you with a +0 spear.
* * * LOW HITPOINT WARNING * * *
The gnoll hits you from afar with a +0 spear.
You die...

......'.......# #.#
#.## #.# #
#######..g....## #.#
#..# #.# #
#.'........# #.#
##.###.###
#####.#........# #.#
#..##...>
......########.#
#.#####.##.###
####### #g#
#............. #.#
########.#.##.
#g####### #...#..
#..@....#######..#..
#######g<.....#..#..
#.#####.#..### #.#
#.#..# #.# #.#..#
#.#####.#..#
#.......#..#
##########.# #>#


You could see 2 gnolls.

Vanquished Creatures
  An adder (D:3)
  3 dart slugs
  3 orcs (D:3)
  A bat (D:1)
  4 endoplasms
  A giant cockroach (D:3)
  3 goblins
  2 quokkas
  A frilled lizard (D:1)
  3 kobolds
  2 rats
24 creatures vanquished.

Notes
Turn   | Place    | Note
-------+----------+-------------------------------------------
     0 | D:1      | Chiseanne the Demonspawn Hedge Wizard began the quest for
                  | the Orb.
     0 | D:1      | Reached XP level 1. HP: 13/13 MP: 4/4
   300 | D:1      | Gained mutation: You are partially covered in thin metallic
                  | scales. (AC +2) [demonic ancestry]
   300 | D:1      | Reached XP level 2. HP: 2/19 MP: 0/6
   578 | D:2      | Learned a level 2 spell: Blink
   668 | D:2      | Reached skill level 1 in Translocations
   846 | D:2      | Found a shimmering blue altar of Sif Muna.
  1037 | D:3      | Reached XP level 3. HP: 22/24 MP: 1/7
  1096 | D:3      | Learned a level 3 spell: Mephitic Cloud
  1814 | D:3      | Slain by a gnoll

Illustrated notes

Levels and vault maps discovered:
D:1:      dpeg_arrival_radiant, layout_loops_ring
D:2:      layout_loops_corners, lemuel_doored_altar
D:3:      layout_basic

Skill      XL: |  1  2 |
---------------+-------+-----
Translocations | 1 |  1.3
Conjurations   | 2 |  2.1
Dodging        | |  1.7
Stealth        | |  1.7
Spellcasting   | |  3.5
Summonings     | |  1.0
Air Magic      | |  0.2
Poison Magic   | |  0.2

Action                   || total
-------------------------++-------
Melee: Dagger            ||    12
       Hand axe          ||    11
 Cast: Magic Dart        ||    60
  Use: Scroll            ||     2
       Potion            ||     1
Armor: Robe              ||     9
Dodge: Dodged            ||    12

Table legend: (Time is in decaauts)
 A = Elapsed time spent in this place.
 B = Non-inter-level travel time spent in this place.
 C = Inter-level travel time spent in this place.
 D = Time resting spent in this place.
 E = Time spent auto-exploring this place.
 F = Levels seen in this place.
 G = Mean time per level.
                   A        B        C        D        E       F      G
               +--------+--------+--------+--------+--------+-----+--------+
         Total |   1799 |   1799 |      0 |    796 |    367 |   3 |  599.7 |
       Dungeon |   1799 |   1799 |      0 |    796 |    367 |   3 |  599.7 |
               +--------+--------+--------+--------+--------+-----+--------+

Top non-repeatable levels by time:
     D:3: 858 daAuts
     D:1: 574 daAuts
     D:2: 367 daAuts
